 Dungeon Crawl Stone Soup version 0.23-a0-171-g5ae17c6 (webtiles) character file.

71 Gildeon the Sneak (level 4, -11/21 HPs)
             Began as a Spriggan Enchanter on Sept 13, 2018.
             Killed by divine providence
             ... invoked by an orc priest
              (16 damage)
             ... on level 3 of the Dungeon.
             The game lasted 00:11:06 (2515 turns).

Gildeon the Sneak (Spriggan Enchanter)              Turns: 2515, Time: 00:11:07

Health: -11/21     AC:  2    Str:  4    XL:     4   Next: 5%
Magic:  10/10      EV: 19    Int: 16    God:
Gold:   168        SH:  0    Dex: 17    Spells: 4/10 levels left

rFire    . . .     SeeInvis +   a - +2 dagger
rCold    . . .     Gourm    .   (shield restricted)
rNeg     . . .     Faith    .   b - +0 robe
rPois    +         Spirit   .   (helmet restricted)
rElec    .         Reflect  .   (no cloak)
rCorr    .         Harm     .   (gloves unavailable)
MR       .....                  (boots unavailable)
Stlth    +++.......             (no amulet)
HPRegen  0.07/turn              n - ring of poison resistance
MPRegen  0.12/turn              (no ring)

@: very quick
A: very small, unfitting armour, see invisible, herbivore, speed 3, slow
metabolism 2
a: no special abilities


You were on level 3 of the Dungeon.
You were not hungry.

You visited 1 branch of the dungeon, and saw 3 of its levels.

You collected 168 gold pieces.

Inventory:

Hand Weapons
 a - a +2 dagger (weapon)
Armour
 b - a +0 robe (worn)
Jewellery
 n - a ring of poison resistance (left hand)
Scrolls
 c - 2 scrolls of blinking
 f - a scroll of teleportation
 i - 2 scrolls of remove curse
Potions
 k - a potion of magic
 m - a potion of haste {unknown}
Comestibles
 d - 2 rations


   Skills:
 + Level 2.1 Short Blades
 + Level 3.9 Dodging
 + Level 5.2 Stealth
 + Level 3.5 Spellcasting
 + Level 4.0 Hexes


You had 4 spell levels left.
You knew the following spells:

 Your Spells              Type           Power        Failure   Level  Hunger
a - Corona                Hex            ###....      3%          1    None
b - Ensorcelled Hibernat  Hex/Ice        #.....       12%         2    ##.....
c - Confuse               Hex            ###.....     10%         3    ###....

Your spell library contained the following spells:

 Spells                   Type           Power        Failure   Level  Hunger
 Tukima's Dance           Hex            ###.....     10%         3    ###....
 Dazzling Spray           Conj/Hex       #.....       22%         3    ###....


Dungeon Overview and Level Annotations

Branches:
Dungeon (3/15)

Altars:
Ashenzari
Hepliaklqana

Annotations:
D:2 1 runed door


Innate Abilities, Weirdness & Mutations

You are very small and have problems with some larger weapons.
You are too small for most types of armour.
You have supernaturally acute eyesight. (SInv)
You are a herbivore.
You cover ground extremely quickly.
You need to consume almost no food.


Message History

The orc priest is lightly wounded.
The orc priest casts a cantrip, but nothing happens.
You hit the orc priest but do no damage.
The orc priest is lightly wounded.
The orc priest hits you with a trident.
You hit the orc priest but do no damage.
The orc priest is lightly wounded.
The orc priest casts a cantrip, but nothing happens.
A rat comes into view.
You hit the orc priest but do no damage.
The orc priest is lightly wounded.
The orc priest mumbles some strange prayers to Beogh against you.
Beogh smites you!
* * * LOW HITPOINT WARNING * * *
You hit the orc priest.
The orc priest is lightly wounded.
The orc priest calls down the wrath of Beogh upon you.
Beogh smites you!
Ouch! That really hurt!
You die...

#%.. #..... #.#..
..# #.#.o ...
#.#.# ..## #.#o#
... #.#.# ..#
#.oo# ..#
#.@####..#####
#............#
#..####..##...
###..####.......
#..........##...#
#.#..............
#[##.###...###.##
#.##.##§§...#....
#.##.#§§§......##


You could see 2 orc priests and 2 orcs.

Vanquished Creatures
  2 adders (D:2)
  An ooze (D:1)
  A leopard gecko (D:1)
  3 orcs (D:3)
  5 bats
  2 giant cockroaches
  5 goblins
  3 hobgoblins (D:1)
  3 jackals (D:3)
  3 frilled lizards
  3 kobolds (D:2)
  14 rats
45 creatures vanquished.

Notes
Turn   | Place    | Note
-------+----------+-------------------------------------------
     0 | D:1      | Gildeon the Spriggan Enchanter began the quest for the Orb.
     0 | D:1      | Reached XP level 1. HP: 9/9 MP: 5/5
   212 | D:1      | Reached XP level 2. HP: 10/13 MP: 6/6
   280 | D:1      | Learned a level 2 spell: Ensorcelled Hibernation
   800 | D:1      | You fall through a shaft!
   801 | D:2      | Found a shattered altar of Ashenzari.
   803 | D:2      | Found a hazy altar of Hepliaklqana.
   855 | D:2      | Reached XP level 3. HP: 13/16 MP: 6/8
   971 | D:1      | Reached skill level 5 in Stealth
  1272 | D:2      | Learned a level 3 spell: Confuse
  1359 | D:2      | Found a runed door.
  2301 | D:3      | Reached XP level 4. HP: 8/21 MP: 6/10
  2515 | D:3      | Killed from afar by an orc priest

Vault maps used:
D:1:      dpeg_arrival_oval
D:2:      grunt_temple_overflow_open, hangedman_feature_mirror,
          uniq_crazy_yiuf_cottage

Skill      XL: |  1  2  3 |
---------------+----------+-----
Spellcasting   | 3 |  3.5
Stealth        | 5 |  5.2
Short Blades   | 2 |  2.1
Hexes          | 4 |  4.0
Dodging        | |  3.9

Action                   |  1- 3 |  4- 6 || total
-------------------------+-------+-------++-------
Melee: Dagger            |   182 |    15 ||   197
 Cast: Corona            |    18 |     2 ||    20
       Ensorcelled Hiber |     4 |       ||     4
  Use: Scroll            |     8 |       ||     8
 Stab: Sleeping          |    14 |       ||    14
Armor: Robe              |    19 |       ||    19
Dodge: Dodged            |   171 |    12 ||   183

Table legend:
 A = Non-vault XP
 B = Vault XP
 C = Vault XP percentage of total XP
 D = Non-vault monster count
 E = Vault monster count
 F = Vault count percentage of total count
                 A         B        C        D         E       F
            +---------+---------+-------+---------+---------+-------
      Total |     102 |       0 |   0.0 |      45 |       0 |   0.0
            +---------+---------+-------+---------+---------+-------
        D:1 |      38 |       0 |   0.0 |      21 |       0 |   0.0
        D:2 |      48 |       0 |   0.0 |      17 |       0 |   0.0
        D:3 |      16 |       0 |   0.0 |       7 |       0 |   0.0
            +---------+---------+-------+---------+---------+-------
